 Dungeon Crawl Stone Soup version 0.21.1-1-g345015fe64 (webtiles) character file.

158 Esekla the Charmwright (level 5, 0/61 HPs)
             Began as a Formicid Skald on Mar 10, 2018.
             Slain by a gnoll (4 damage)
             ... on level 5 of the Dungeon.
             The game lasted 00:19:07 (1630 turns).

Esekla the Charmwright (Formicid Skald)             Turns: 1630, Time: 00:19:08

Health: 0/61       AC: 22    Str: 15    XL:     5   Next: 66%
Magic:  4/8        EV:  2    Int: 19    God:
Gold:   64         SH:  0    Dex: 10    Spells: 3/8 levels left

rFire    . . .     SeeInvis .   a - +0 falchion
rCold    . . .     Gourm    .   (no shield)
rNeg     + + +     Faith    .   (armour currently unavailable)
rPois    +         Spirit   .   (helmet unavailable)
rElec    .         Reflect  .   (cloak currently unavailable)
rCorr    .         Harm     .   (gloves currently unavailable)
MR       .....                  (boots currently unavailable)
Stlth    +.........             (no amulet)
HPRegen  0.20/turn              (no ring)
MPRegen  0.11/turn              (no ring)

@: brilliant, tree-form, glowing
A: permanent stasis, dig shafts and tunnels, four strong arms
a: no special abilities


You were on level 5 of the Dungeon.
You were not hungry.
You were a tree.
You visited 1 branch of the dungeon, and saw 5 of its levels.

You collected 64 gold pieces.

Inventory:

Hand Weapons
 a - a +0 falchion (weapon)
 g - a +0 hunting sling
 m - a +0 short sword of venom
 n - a +0 hand axe
Armour
 b - a +0 leather armour (melded)
Scrolls
 e - a scroll of fog {unknown}
 f - a scroll of remove curse {unknown}
 h - a scroll of enchant armour {unknown}
 i - a scroll of noise {unknown}
 j - a scroll of magic mapping {unknown}
 l - a scroll of identify {unknown}
Books
 c - a book of Battle

   Spells                             Type                      Level
   a - Infusion                       Charms                       1
   b - Shroud of Golubria             Charms/Translocation         2
   c - Song of Slaying                Charms                       2
   d - Spectral Weapon                Hexes/Charms                 3
   e - Regeneration                   Charms/Necromancy            3
Comestibles
 d - 2 rations


   Skills:
 + Level 3.3 Fighting
 * Level 3.4 Long Blades
 + Level 2.0 Armour
 - Level 2.2 Dodging
 + Level 0.1 Stealth
 + Level 2.3 Spellcasting
 + Level 3.6 Charms
 + Level 1.0 Translocations


You had 3 spell levels left.
You knew the following spells:

 Your Spells              Type           Power        Failure   Level  Hunger
a - Infusion              Chrm           ####         1%          1    #......
b - Shroud of Golubria    Chrm/Tloc      ###.......   1%          2    ##.....
c - Song of Slaying       Chrm           ####....     1%          2    ##.....


Dungeon Overview and Level Annotations

Branches:
Dungeon (4/15)
 Temple: D:4-7

Altars:
Nemelex Xobeh

Annotations:
D:4 Grinder; HooM's ghost, amateur DrFE


Innate Abilities, Weirdness & Mutations

You cannot be hasted, slowed, berserked, paralysed or teleported.
You can dig through walls and to a lower floor.
Your four strong arms can wield two-handed weapons with a shield.
((You have a pair of large antennae on your head. (SInv)))


Message History

You barely miss the gnoll shaman.
The gnoll shaman is heavily wounded.
The gnoll shaman hits you but does no damage.
You hit the gnoll shaman.
The gnoll shaman is severely wounded.
The gnoll shaman completely misses you.
You riposte.
You hit the gnoll shaman but do no damage.
The gnoll shaman is severely wounded.
You hit the gnoll shaman but do no damage.
The gnoll shaman is severely wounded.
The gnoll shaman hits you with a whip.
* * * LOW HITPOINT WARNING * * *
You hit the gnoll shaman but do no damage.
The gnoll shaman is severely wounded.
The gnoll shaman hits you with a whip.
* * * LOW HITPOINT WARNING * * *
You slash the gnoll shaman!
You kill the gnoll shaman!
The gnoll hits you.
You die...

##........##
#........#
#........#
##.......#
###.....#
##..#..##
##...##..#
#...####g#
##..## #♣##
#..## #..## #
#..# ##...###
### #.##
##..#...###
##.. ###
###..####...###
###... ##...##
###...###.....
##..)##
####...>....
#..###
##....... ####
####....


You could see a gnoll.

Vanquished Creatures
  An orc priest (D:4)
  A gnoll shaman (D:5)
  A hound (D:4)
  2 gnolls (D:5)
  A shadow imp (D:5)
  An adder skeleton (D:4)
  2 leopard geckos
  3 orcs (D:4)
  A giant cockroach (D:2)
  8 hobgoblins
  A ball python (D:1)
  4 bats
  4 frilled lizards
  5 goblins
  4 kobolds (D:1)
  A quokka skeleton (D:4)
  2 rats
42 creatures vanquished.

Notes
Turn   | Place    | Note
-------+----------+-------------------------------------------
     0 | D:1      | Esekla the Formicid Skald began the quest for the Orb.
     0 | D:1      | Reached XP level 1. HP: 16/16 MP: 3/3
   152 | D:2      | Reached XP level 2. HP: 23/23 MP: 5/5
   156 | D:2      | Learned a level 2 spell: Shroud of Golubria
   159 | D:2      | Learned a level 2 spell: Song of Slaying
   476 | D:1      | Reached XP level 3. HP: 23/28 MP: 3/6
   955 | D:3      | Found a sparkling altar of Nemelex Xobeh.
  1206 | D:4      | Reached XP level 4. HP: 10/34 MP: 0/7
  1211 | D:4      | Noticed Grinder
  1211 | D:4      | Noticed HooM's ghost (amateur DrFE)
  1484 | D:4      | Reached skill level 1 in Translocations
  1484 | D:4      | Reached XP level 5. HP: 37/40 MP: 8/8
  1488 | D:4      | You fall through a shaft!
  1488 | D:5      | Entered Level 5 of the Dungeon
  1630 | D:5      | Slain by a gnoll

Skill      XL: |  1  2  3  4  5 |
---------------+----------------+-----
Dodging        | 2 |  2.2
Long Blades    | 3 |  3.4
Translocations | 1 |  1.0
Fighting       | 3 |  3.3
Armour         | 2 |  2.0
Stealth        | |  0.1
Spellcasting   | |  2.3
Charms         | |  3.6

Action                   |  1- 3 |  4- 6 || total
-------------------------+-------+-------++-------
Melee: Falchion          |    98 |    58 ||   156
 Cast: Infusion          |     2 |     1 ||     3
       Song of Slaying   |     2 |     1 ||     3
       Shroud of Golubri |     1 |       ||     1
 Abil: Shaft Self        |       |     1 ||     1
  Use: Potion            |       |     2 ||     2
  Eat: Ration            |     1 |       ||     1
Armor: Leather armour    |    25 |     9 ||    34
       Skin              |       |     9 ||     9
Dodge: Dodged            |    48 |    22 ||    70
       Rpst.: Falchion   |    14 |     8 ||    22
